 Dungeon Crawl Stone Soup version 0.28-a0-1312-g71652a0310 (webtiles) character file.

Game seed: 14168383050557757566

2 gimp the Covered (level 1, 0/16 HPs)
             Began as a Demigod Wanderer on Dec 27, 2021.
             Succumbed to a kobold's poison
             ... on level 1 of the Dungeon.
             The game lasted 00:00:32 (68 turns).

gimp the Covered (Demigod Wanderer)                   Turns: 68, Time: 00:00:33

Health: 0/16       AC:  9    Str: 12    XL:     1   Next: 20%
Magic:  4/4        EV:  5    Int: 14    God:
Gold:   12         SH:  0    Dex: 14    Spells: 1/2 levels left

rFire   . . .      SeeInvis .   a - +0 dagger
rCold   . . .      Faith    .   (no shield)
rNeg    . . .      Spirit   .   c - +0 chain mail
rPois   .          Reflect  .   (no helmet)
rElec   .          Harm     .   (no cloak)
rCorr   .          Rampage  .   (no gloves)
Will    .....                   (no boots)
Stlth   ..........              (no amulet)
HPRegen 0.05/turn               (no ring)
MPRegen 0.09/turn               (no ring)

@: lethally poisoned (0 -> -11)
A: high mp 1, forlorn, divine attributes
a: no special abilities


You were on level 1 of the Dungeon.
You visited 1 branch of the dungeon, and saw 1 of its levels.

You collected 12 gold pieces.

Inventory:

Hand Weapons
 a - a +0 dagger (weapon)
Missiles
 b - a poisoned dart (quivered)
Armour
 c - a +0 chain mail (worn)


   Skills:
 - Level 1.0 Fighting
 - Level 1.7 Throwing
 - Level 3.6 Armour
 - Level 1.0 Stealth
 - Level 1.0 Spellcasting
 + Level 0.1 Transmutations
 * Level 1.1 Poison Magic


You had one spell level left.
You knew the following spells:

 Your Spells              Type           Power      Damage    Failure   Level
a - Sting                 Tmut/Pois      8%         1d3       100%        1

Your spell library contained the following spells:

 Spells                   Type           Power      Damage    Failure   Level
 Spider Form              Tmut/Pois      2%         N/A       100%        3


Dungeon Overview and Level Annotations

Branches:
Dungeon (1/15)


Innate Abilities, Weirdness & Mutations

You have an increased reservoir of magic. (+10% MP)
You shall have no god before yourself.
Your divine heritage dramatically boosts your attributes as you level up.


Message History

Throw: 5 darts (poison)
Press: ? - help, Q - select action, (/) - cycle Shift-Dir - straight line, f/p - kobold
Aim: a kobold, wielding a +1 short sword of venom (47% to hit)
You throw a poisoned dart.
The poisoned dart completely misses the kobold.
Throw: 4 darts (poison)
Press: ? - help, Q - select action, (/) - cycle Shift-Dir - straight line, f/p - kobold
Aim: a kobold, wielding a +1 short sword of venom (50% to hit)
You throw a poisoned dart. The poisoned dart hits the kobold.
The kobold is poisoned.
The kobold barely misses you.
Throw: 3 darts (poison)
Press: ? - help, Q - select action, (/) - cycle Shift-Dir - straight line, f/p - kobold
Aim: a kobold, wielding a +1 short sword of venom (poisoned, 45% to hit)
You throw a poisoned dart.
The poisoned dart closely misses the kobold.
The kobold hits you but does no damage.
You are poisoned.
You feel very sick.
You take 3 damage, and have 12/16 hp.
You feel sick.
You take 2 damage, and have 10/16 hp.
Throw: 2 darts (poison)
Press: ? - help, Q - select action, (/) - cycle Shift-Dir - straight line, f/p - kobold
Aim: a kobold, wielding a +1 short sword of venom (heavily wounded, poisoned, 45% to hit)
You throw a poisoned dart. The poisoned dart hits the kobold.
The kobold looks even sicker.
The kobold is heavily wounded.
You feel sick. The kobold hits you but does no damage.
You are lethally poisoned!
You take 1 damage, and have 9/16 hp.
You feel very sick.
There is a staircase leading out of the dungeon here.
You take 4 damage, and have 5/16 hp.
MASSIVE DAMAGE!!
You aren't carrying any potions.
* * * LOW HITPOINT WARNING * * *
You feel sick.
You take 2 damage, and have 3/16 hp.
A goblin comes into view. It is wielding a +0 dagger.
You die...

#(#
##(##
#.(.#
#...#
##.(.##
#.....#
#..K..#
#.....#
##.@.##
#...#
#...#
##.##
#.# #.#
#.# .g#


You could see a goblin (asleep) and a kobold (very poisoned).

Vanquished Creatures
  A goblin (D:1)
  A frilled lizard (D:1)
2 creatures vanquished.

Notes
Turn   | Place    | Note
-------+----------+-------------------------------------------
     0 | D:1      | gimp the Demigod Wanderer began the quest for the Orb.
     0 | D:1      | gimp set off with the following items: a +0 dagger, 9
                  | poisoned darts, a +0 chain mail; and the following spell
                  | memorised: Sting; and the following spells available to
                  | memorise: Spider Form
     0 | D:1      | Reached XP level 1. HP: 16/16 MP: 4/4
    68 | D:1      | Succumbed to a kobold's poison

Illustrated notes

Levels and vault maps discovered:
D:1:      dpeg_arrival_rhombus, layout_loops_ring,
          shapermc_ecumenical_altar_venn, minmay_hexomino_r4

Action                   || total
-------------------------++-------
Melee: Dagger            ||     6
Throw: Dart              ||     8
Armor: Chain mail        ||     3
Dodge: Dodged            ||     3

Table legend: (Time is in decaauts)
 A = Elapsed time spent in this place.
 B = Non-inter-level travel time spent in this place.
 C = Inter-level travel time spent in this place.
 D = Time resting spent in this place.
 E = Time spent auto-exploring this place.
 F = Levels seen in this place.
 G = Mean time per level.
                   A        B        C        D        E       F      G
               +--------+--------+--------+--------+--------+-----+--------+
         Total |     67 |     67 |      0 |      0 |     25 |   1 |   67.0 |
       Dungeon |     67 |     67 |      0 |      0 |     25 |   1 |   67.0 |
               +--------+--------+--------+--------+--------+-----+--------+

Top non-repeatable levels by time:
     D:1: 67 daAuts
